 Dungeon Sprint DCSS version 0.26-a0-835-g8259106e14 (webtiles) character file.

Game seed: 15020591321088891175

22435 rocky1 the Frost Mage (level 13, -1/89 HPs)
             Began as a Gargoyle Ice Elementalist on Nov 18, 2020.
             Was a High Priest of Sif Muna.
             Killed from afar by a hell hog (40 damage)
             ... with a fireball
             ... in the Dungeon (Sprint VII: "The Pits").
             The game lasted 00:29:33 (4250 turns).

rocky1 the Frost Mage (Gargoyle Ice Elementalist)   Turns: 4250, Time: 00:29:34

Health: -1/89      AC: 15    Str: 12    XL:     13   Next: 0%
Magic:  22/29      EV: 17    Int: 21    God:    Sif Muna [*****.]
Gold:   42         SH:  0    Dex: 10    Spells: 13/36 levels left

rFire    . . .     SeeInvis +   t - +2 morningstar (vorpal)
rCold    . . .     Faith    .   (no shield)
rNeg     + . .     Spirit   .   a - +0 robe
rPois    ∞         Reflect  .   (no helmet)
rElec    +         Harm     .   (no cloak)
rCorr    .         Rampage  .   y - +0 pair of gloves (curse)
MR       .....     NoTele   +   (no boots)
Stlth    ++........             (no amulet)
HPRegen  0.24/turn              o - +3 ring of protection
MPRegen  0.21/turn              w - ring of see invisible

@: frozen ramparts
A: negative energy resistance 1, electricity resistance, unbreathing,
petrification resistance, rot immunity, AC +9
a: Channel Magic, Forget Spell, Divine Exegesis, Renounce Religion


You were in the Dungeon.
You worshipped Sif Muna.
Sif Muna was extremely pleased with you.
You visited 1 branch You collected 42 gold pieces.

Inventory:

Hand Weapons
 n - a +4 hand axe of freezing
 s - a +2 war axe of electrocution
 t - a +2 vorpal morningstar (weapon)
 x - the cursed +0 flail of Gyamm {pain, rElec Dex+3}
   (You found it in the Dungeon)

   In the hands of one skilled in necromantic magic, it inflicts extra damage on
   living creatures.
   It affects your dexterity (+3).
   It insulates you from electricity.
   It has a curse placed upon it.
Missiles
 b - 16 javelins (quivered)
 u - 2 throwing nets
Armour
 a - a +0 robe (worn)
 y - a cursed +0 pair of gloves (worn)
Jewellery
 o - a +3 ring of protection (left hand)
 p - a +3 ring of dexterity
 w - a ring of see invisible (right hand)
 A - an uncursed ring of protection from fire
Scrolls
 h - a scroll of blinking
 j - 7 scrolls of remove curse
 k - 5 scrolls of amnesia
 l - a scroll of summoning
 z - 5 scrolls of enchant weapon
 B - a scroll of identify
 C - 4 scrolls of enchant armour
 D - a scroll of fear
Potions
 c - 9 potions of curing
 d - 9 potions of heal wounds
 e - 3 potions of haste
 f - 4 potions of magic
 g - a potion of berserk rage
 i - 2 potions of invisibility
 m - a potion of attraction {unknown}
 q - 4 potions of brilliance
 r - 2 potions of resistance
 v - a potion of might


   Skills:
 + Level 13.7 Fighting
 + Level 12.8 Maces & Flails
 + Level 11.2 Dodging
 - Level 2.1 Stealth
 + Level 12.1 Spellcasting
 + Level 11.8 Conjurations
 + Level 14.8 Ice Magic
 - Level 12.4 Invocations


You had 13 spell levels left.
You knew the following spells:

 Your Spells              Type           Power        Failure   Level
a - Freeze                Ice            ####         0%          1
b - Frozen Ramparts       Ice            ######       1%          3
c - Ozocubu's Armour      Ice            ######..     1%          3
d - Hailstorm             Conj/Ice       ######..     1%          4
e - Freezing Cloud        Conj/Ice/Air   ######....   21%         6
f - Iron Shot             Conj/Erth      #####.....   56%         6

Your spell library contained the following spells:

 Spells                   Type           Power        Failure   Level
 Foxfire                  Conj/Fire      ####         1%          1
 Shock                    Conj/Air       ####         1%          1
 Ensorcelled Hibernation  Hex/Ice        #####.       1%          2
 Conjure Flame            Conj/Fire      #####...     1%          3
 Dazzling Flash           Conj/Hex       #####.       1%          3
 Static Discharge         Conj/Air       #####...     1%          3
 Stone Arrow              Conj/Erth      #####.       1%          3
 Iskenderun's Battlesphe  Conj           ######..     1%          5
 Ice Form                 Ice/Tmut       #####...     2%          4
 Summon Ice Beast         Ice/Summ       #####...     2%          4
 Mephitic Cloud           Conj/Pois/Air  ####....     3%          3
 Fulminant Prism          Conj/Hex       #####.....   4%          4
 Iskenderun's Mystic Bla  Conj/Tloc      #####...     4%          4
 Sticky Flame             Conj/Fire      #####...     4%          4
 Summon Small Mammal      Summ           ##..         5%          1
 Metabolic Englaciation   Hex/Ice        #####.....   7%          5
 Call Imp                 Summ           ##......     8%          2
 Corpse Rot               Necr/Air       N/A          8%          2
 Poisonous Vapours        Pois/Air       ##....       8%          2
 Slow                     Hex            ##......     8%          2
 Fireball                 Conj/Fire      #####.....   13%         5
 Irradiate                Conj/Tmut      #####.....   13%         5
 Lightning Bolt           Conj/Air       #####.....   13%         5
 Call Canine Familiar     Summ           ##......     16%         3
 Confusing Touch          Hex            ##......     16%         3
 Gell's Gravitas          Tloc           ##........   16%         3
 Ignite Poison            Fire/Tmut/Pois ##......     16%         3
 Lesser Beckoning         Tloc           ##........   16%         3
 Portal Projectile        Hex/Tloc       ##....       16%         3
 Spider Form              Tmut/Pois      ##........   16%         3
 Bolt of Magma            Conj/Fire/Erth ####......   28%         5
 Orb of Destruction       Conj           ######....   34%         7
 Airstrike                Air            ##........   45%         4
 Cause Fear               Hex            ##........   45%         4
 Leda's Liquefaction      Hex/Erth       ##........   45%         4
 Olgreb's Toxic Radiance  Pois           ##......     45%         4
 Petrify                  Tmut/Erth      ##......     45%         4
 Summon Lightning Spire   Summ/Air       ##......     45%         4
 Conjure Ball Lightning   Conj/Air       #####.....   56%         6
 Silence                  Hex/Air        ##........   82%         5
 Summon Demon             Summ           ##........   82%         5
 Summon Forest            Summ/Tloc      ##........   82%         5
 Spellforged Servitor     Conj/Summ      #####.....   98%         7
 Eringya's Noxious Bog    Tmut/Pois      ##........   100%        6
 Shadow Creatures         Summ           N/A          100%        6
 Haunt                    Necr/Summ      ##........   100%        7
 Malign Gateway           Summ/Tloc      ##........   100%        7
 Summon Greater Demon     Summ           ##........   100%        7
 Chain Lightning          Conj/Air       #####.....   100%        8
 Disjunction              Tloc           ##........   100%        8
 Lehudib's Crystal Spear  Conj/Erth      #####.....   100%        8
 Summon Horrible Things   Summ           ##........   100%        8
 Dragon's Call            Summ           ##........   100%        9


Dungeon Overview and Level Annotations

Branches:
Dungeon (1/1)

Altars:
Ashenzari
Cheibriados
Dithmenos
Elyvilon
Fedhas
Gozag
Hepliaklqana
Kikubaaqudgha
Makhleb
Nemelex Xobeh
Okawaru
Qazlal
Ru
Sif Muna
Trog
Uskayaw
Vehumet
Wu Jian
Xom
Yredelemnul
Zin
The Shining One
Beogh
Jiyva
Lugonu


Innate Abilities, Weirdness & Mutations

You are resistant to torment.
Your stone body is resilient. (AC +9)
You are immune to poison.
You resist negative energy. (rN+)
You are resistant to electric shocks. (rElec)
You can survive without breathing.
You are immune to petrification.
You are immune to rotting.


Message History

The hail pelts the hell hog!!
The hell hog is heavily wounded.
The wall freezes the hell hog.
The hell hog breathes fire at you.
The fireball explodes!
The fireball engulfs you!!
* * * LOW HITPOINT WARNING * * *
The wall freezes the hell hog.
You feel much better.
The wall freezes the hell hog.
The hell hog completely misses you.
Unknown command.
You hit the hell hog.
The hell hog is severely wounded.
The wall freezes the hell hog.
The hell hog bites you but does no damage.
You hit the hell hog but do no damage.
The hell hog is severely wounded.
The wall freezes the hell hog.
The hell hog breathes fire at you.
The fireball explodes!
The fireball engulfs you!!!
You die...

#....................
#..################.. #.h##.# #..
#..#.# #.. #)D'#:# #.. #..#)#.#
#.. #..##.#.# #..
#..################..
#############..h@................
#_________.##...†................
#_________.###########''#########
#_______...###########''#########
##########'##................##..
#.?(.')))'.##......#..#......##..
##########.##................''..
#...........'................'').
#'#####'#####......#..#......##..


You could see a hell hog (catching breath).

Vanquished Creatures
  A bone dragon (D)
  A minotaur (D)
  An eidolon (D)
  A boulder beetle (D)
  A two-headed ogre (D)
  2 death yaks (D)
  A hell hog (D)
  A sixfirhy (D)
  2 unseen horrors (D)
  A swamp dragon (D)
  A spriggan druid (D)
  An ugly thing (D)
  A deep elf mage (D)
  A merfolk siren (D)
  An elephant (D)
  An eye of devastation (D)
  A black mamba (D)
  A molten gargoyle (D)
  A kobold demonologist (D)
  A demonic crawler (D)
  A freezing wraith (D)
  An ice devil (D)
  3 komodo dragons (D)
  A guardian mummy (D)
  A merfolk (D)
  A tyrant leech (D)
  A hornet (D)
  A troll (D)
  A polar bear (D)
  A snapping turtle (D)
  6 dream sheep (D)
  A water elemental (D)
  4 redbacks (D)
  3 spriggans (D)
  A flying skull (D)
  A tarantella (D)
  5 yaks (D)
  Eustachio (D)
  A steam dragon (D)
  A fire elemental (D)
  Grum (D)
  Menkaure (D)
  2 soldier ants (D)
  7 hell hounds (D)
  A swamp drake (D)
  A black bear (D)
  7 wolves (D)
  A bullfrog (D)
  A scorpion (D)
  8 wights (D)
  A quasit (D)
  2 iguanas (D)
  A hell rat (D)
  2 orc wizards (D)
  An adder (D)
  An ufetubus (D)
  3 worms (D)
  2 leopard geckos (D)
  4 orcs (D)
  A giant cockroach (D)
  A hobgoblin (D)
  2 kobolds (D)
  3 quokkas (D)
  A ball python (D)
  A frilled lizard (D)
  3 rats (D)
117 creatures vanquished.

Vanquished Creatures (collateral kills)
  A red draconian (D)
  A flayed ghost (D)
  A komodo dragon (D)
  A ynoxinul (D)
  2 hell hounds (D)
6 creatures vanquished.

Vanquished Creatures (others)
  A quicksilver dragon (D)
  An acid blob (D)
2 creatures vanquished.

Grand Total: 125 creatures vanquished

Notes
Turn   | Place    | Note
-------+----------+-------------------------------------------
     0 | D        | rocky1 the Gargoyle Ice Elementalist began the quest for
                  | the Orb.
     0 | D        | Reached XP level 1. HP: 10/10 MP: 3/3
    20 | D        | Found a bloodstained altar of Trog.
    20 | D        | Found a shimmering blue altar of Sif Muna.
    20 | D        | Found a viscous altar of Jiyva.
    20 | D        | Found a hazy altar of Hepliaklqana.
    20 | D        | Found an opulent altar of Gozag.
    21 | D        | Found a glowing golden altar of the Shining One.
    21 | D        | Found a glowing silver altar of Zin.
    21 | D        | Found a basalt altar of Yredelemnul.
    21 | D        | Found a shimmering altar of Xom.
    21 | D        | Found an ornate altar of the Wu Jian Council.
    21 | D        | Found a sacrificial altar of Ru.
    21 | D        | Found a stormy altar of Qazlal.
    21 | D        | Found an iron altar of Okawaru.
    21 | D        | Found a sparkling altar of Nemelex Xobeh.
    21 | D        | Found a burning altar of Makhleb.
    21 | D        | Found a blossoming altar of Fedhas.
    21 | D        | Found a white marble altar of Elyvilon.
    21 | D        | Found a shadowy altar of Dithmenos.
    21 | D        | Found a snail-covered altar of Cheibriados.
    23 | D        | Found a radiant altar of Vehumet.
    23 | D        | Found a corrupted altar of Lugonu.
    23 | D        | Found a roughly hewn altar of Beogh.
    24 | D        | Found a hide-covered altar of Uskayaw.
    24 | D        | Found an ancient bone altar of Kikubaaqudgha.
    24 | D        | Found a broken altar of Ashenzari.
    28 | D        | Became a worshipper of Sif Muna the Loreminder
    76 | D        | Reached skill level 1 in Fighting
    76 | D        | Reached skill level 1 in Invocations
    76 | D        | Reached XP level 2. HP: 11/16 MP: 1/5
    79 | D        | Reached skill level 1 in Maces & Flails
   186 | D        | Reached * piety under Sif Muna
   188 | D        | Reached skill level 5 in Ice Magic
   192 | D        | Noticed a scorpion
   205 | D        | Killed a scorpion
   205 | D        | Reached ** piety under Sif Muna
   206 | D        | Reached XP level 3. HP: 18/22 MP: 0/7
   206 | D        | Reached XP level 4. HP: 22/27 MP: 0/9
   294 | D        | Reached skill level 6 in Ice Magic
   370 | D        | Learned a level 3 spell: Frozen Ramparts
   374 | D        | Learned a level 3 spell: Ozocubu's Armour
   375 | D        | Noticed a flying skull
   384 | D        | Reached *** piety under Sif Muna
   386 | D        | Killed a flying skull
   387 | D        | Reached skill level 7 in Ice Magic
   387 | D        | Reached XP level 5. HP: 21/34 MP: 3/11
   387 | D        | Reached XP level 6. HP: 24/39 MP: 3/12
   388 | D        | Reached skill level 8 in Ice Magic
   556 | D        | Learned a level 4 spell: Hailstorm
   586 | D        | Reached **** piety under Sif Muna
   597 | D        | Reached ***** piety under Sif Muna
   597 | D        | Identified Etexuib's Compendium of Arcane Weapons and
                  | Contamination (Sif Muna gifted it to you in the Dungeon)
   597 | D        | Received a gift from Sif Muna
   598 | D        | Reached skill level 5 in Fighting
   598 | D        | Reached skill level 5 in Spellcasting
   598 | D        | Reached skill level 5 in Invocations
   667 | D        | Killed an unseen horror
   668 | D        | Reached skill level 5 in Dodging
   668 | D        | Reached skill level 10 in Ice Magic
   668 | D        | Reached XP level 7. HP: 47/48 MP: 5/16
   668 | D        | Reached XP level 8. HP: 52/53 MP: 5/17
   815 | D        | Noticed a black mamba
   816 | D        | Noticed a molten gargoyle
   825 | D        | Killed a molten gargoyle
   826 | D        | Killed a black mamba
   827 | D        | Reached skill level 11 in Ice Magic
   937 | D        | Noticed a hornet
   937 | D        | Noticed a komodo dragon
   944 | D        | Reached skill level 1 in Conjurations
   944 | D        | Reached XP level 9. HP: 22/59 MP: 13/19
   944 | D        | Killed a komodo dragon
   947 | D        | Killed a hornet
   947 | D        | Identified Sif Muna's Compendium of the Creative Compass
                  | (Sif Muna gifted it to you in the Dungeon)
   947 | D        | Received a gift from Sif Muna
  1160 | D        | Noticed Eustachio
  1168 | D        | Noticed a spriggan druid
  1189 | D        | Killed Eustachio
  1282 | D        | Killed a spriggan druid
  1284 | D        | Noticed a swamp dragon
  1294 | D        | Killed a swamp dragon
  1316 | D        | Killed an acid blob
  1548 | D        | Noticed a guardian mummy
  1555 | D        | Reached XP level 10. HP: 57/66 MP: 15/22
  1558 | D        | Reached skill level 5 in Conjurations
  1631 | D        | Noticed a merfolk siren
  1636 | D        | Killed a merfolk siren
  1637 | D        | Reached skill level 12 in Ice Magic
  1637 | D        | Identified Sif Muna's Compendium of Intoxication and Flight
                  | (Sif Muna gifted it to you in the Dungeon)
  1637 | D        | Received a gift from Sif Muna
  1828 | D        | Learned a level 6 spell: Freezing Cloud
  1835 | D        | Learned a level 6 spell: Iron Shot
  1847 | D        | Noticed a two-headed ogre
  1856 | D        | Killed a two-headed ogre
  1857 | D        | Reached skill level 10 in Fighting
  1857 | D        | Reached skill level 10 in Invocations
  1990 | D        | Identified Sif Muna's Tome of the Lethal Frostbite (Sif
                  | Muna gifted it to you in the Dungeon)
  1990 | D        | Received a gift from Sif Muna
  2003 | D        | Noticed a minotaur
  2008 | D        | Reached ****** piety under Sif Muna
  2009 | D        | Identified Sif Muna's Papyrus of Dislocated Clay (Sif Muna
                  | gifted it to you in the Dungeon)
  2009 | D        | Received a gift from Sif Muna
  2009 | D        | Killed a minotaur
  2010 | D        | Reached skill level 10 in Maces & Flails
  2010 | D        | Reached XP level 11. HP: 73/73 MP: 1/24
  2183 | D        | Reached skill level 13 in Ice Magic
  2437 | D        | Identified Sif Muna's Almanac of Destructive Moulding (Sif
                  | Muna gifted it to you in the Dungeon)
  2437 | D        | Received a gift from Sif Muna
  2530 | D        | Reached skill level 10 in Spellcasting
  2548 | D        | Noticed a boulder beetle
  2549 | D        | Identified Iboy's Collected Works on Curses and Arcane
                  | Weapons (Sif Muna gifted it to you in the Dungeon)
  2549 | D        | Received a gift from Sif Muna
  2557 | D        | Killed a boulder beetle
  2672 | D        | Noticed Grum
  2675 | D        | Identified Raucoos's Grimoire of Malediction and the
                  | Volcanoes (Sif Muna gifted it to you in the Dungeon)
  2675 | D        | Received a gift from Sif Muna
  2678 | D        | Killed Grum
  2811 | D        | Noticed a deep elf mage
  2811 | D        | Noticed a death yak
  2828 | D        | Identified Sif Muna's Papyrus of Arcane Weapons (Sif Muna
                  | gifted it to you in the Dungeon)
  2828 | D        | Received a gift from Sif Muna
  2830 | D        | Killed a deep elf mage
  2879 | D        | Identified Sif Muna's Catalogue of Summoning (Sif Muna
                  | gifted it to you in the Dungeon)
  2879 | D        | Received a gift from Sif Muna
  2921 | D        | Noticed Menkaure
  2929 | D        | Killed Menkaure
  3110 | D        | Reached XP level 12. HP: 37/81 MP: 22/26
  3351 | D        | Reached skill level 10 in Dodging
  3358 | D        | Killed a death yak
  3360 | D        | Reached skill level 10 in Conjurations
  3385 | D        | Identified Sif Muna's Almanac of Battle Magic and the
                  | Snowflakes (Sif Muna gifted it to you in the Dungeon)
  3385 | D        | Received a gift from Sif Muna
  3673 | D        | Got the cursed +0 flail of Gyamm {pain, rElec Dex+3}
  3855 | D        | Killed a quicksilver dragon
  3956 | D        | Noticed a death yak
  3962 | D        | Reached skill level 14 in Ice Magic
  3966 | D        | Killed a death yak
  3971 | D        | Noticed a bone dragon
  3973 | D        | Identified Votit's Volume of Creative Weightlessness (Sif
                  | Muna gifted it to you in the Dungeon)
  3973 | D        | Received a gift from Sif Muna
  3978 | D        | Killed a bone dragon
  4185 | D        | Noticed an eidolon
  4193 | D        | Killed an eidolon
  4210 | D        | Identified Sif Muna's Catalogue of Cloudy Curses (Sif Muna
                  | gifted it to you in the Dungeon)
  4210 | D        | Received a gift from Sif Muna
  4212 | D        | Identified the ring "Mieph" {*Contam rElec rPois rC+ MR++}
  4212 | D        | Noticed a red draconian
  4219 | D        | Killed a red draconian
  4234 | D        | Noticed a hell hog
  4245 | D        | Noticed a hell hog
  4246 | D        | Killed a hell hog
  4247 | D        | Reached XP level 13. HP: 55/89 MP: 26/29
  4250 | D        | Killed from afar by a hell hog

Illustrated notes

Levels and vault maps discovered:
D:        pitsprint [storerooms_1, entrance_room_1, metal_vault_1, armoury_3,
          mini_pit_1, grid_room_1, main_hall_1, silver_pit, the_coven_3,
          the_vestibule_1, steel_vault_5, golden_pit, hallway_of_sentries,
          crystal_vault_5, iron_vault_1, final_vault]

Skill      XL: |  1  2  3  4  5  6  7  8  9 10 11 12 |
---------------+-------------------------------------+-----
Fighting       | 1 2 4 7 8 9 10 12 13 | 13.7
Dodging        | 2 4 5 6 7 8 9 11 | 11.2
Invocations    | 1 2 4 6 7 9 10 12 | 12.4
Maces & Flails | 2 4 6 7 8 10 11 12 | 12.8
Ice Magic      | 5 7 10 11 12 13 14 | 14.8
Spellcasting   | 3 4 6 7 8 9 10 12 | 12.1
Conjurations   | 1 4 7 9 11 | 11.8
Stealth        | |  2.1

Action                   |  1- 3 |  4- 6 |  7- 9 | 10-12 | 13-15 || total
-------------------------+-------+-------+-------+-------+-------++-------
Melee: Mace              |     6 |    31 |     3 |       |       ||    40
       Morningstar       |       |       |    27 |   190 |     2 ||   219
 Cast: Freeze            |    10 |     1 |       |       |       ||    11
       Frozen Ramparts   |       |     4 |     8 |    21 |       ||    33
       Ozocubu's Armour  |       |     3 |     6 |    13 |       ||    22
       Hailstorm         |       |       |     3 |    31 |     1 ||    35
       Lehudib's Crystal |       |       |       |     4 |       ||     4
       Dragon's Call     |       |       |       |     1 |       ||     1
Invok: Divine Exegesis   |       |       |       |     5 |       ||     5
       Channel Magic     |       |       |       |     4 |       ||     4
  Use: Potion            |       |     3 |     1 |     5 |     1 ||    10
 Stab: Sleeping          |       |     1 |       |       |       ||     1
Armor: Robe              |     2 |    30 |    25 |    80 |     1 ||   138
Dodge: Dodged            |     5 |    41 |    31 |   172 |     1 ||   250

Table legend: (Time is in decaauts)
 A = Elapsed time spent in this place.
 B = Non-inter-level travel time spent in this place.
 C = Inter-level travel time spent in this place.
 D = Time resting spent in this place.
 E = Time spent auto-exploring this place.
 F = Levels seen in this place.
 G = Mean time per level.
                   A        B        C        D        E       F      G
               +--------+--------+--------+--------+--------+-----+--------+
         Total |   4279 |   4233 |     46 |   2688 |      0 |   1 | 4279.0 |
       Dungeon |   4279 |   4233 |     46 |   2688 |      0 |   1 | 4279.0 |
               +--------+--------+--------+--------+--------+-----+--------+

Top non-repeatable levels by time:
       D: 4279 daAuts
